 Dungeon Crawl Stone Soup version 0.27.1-34-g3ba077fa99 (webtiles) character file.

Game seed: 2278862713463084969

55 ticklebelly the Skirmisher (level 3, -1/49 HPs)
             Began as a Minotaur Berserker on Jan 3, 2022.
             Was a Believer of Trog.
             Slain by a gnoll (3 damage)
             ... on level 2 of the Dungeon.
             The game lasted 00:02:12 (1350 turns).

ticklebelly the Skirmisher (Minotaur Berserker)     Turns: 1350, Time: 00:02:13

Health: -1/49      AC:  4    Str: 22    XL:     3   Next: 67%
Magic:  2/2        EV: 12    Int:  4    God:    Trog [**....]
Gold:   61         SH:  0    Dex:  9    Spells: 2/2 levels left

rFire    . . .     SeeInvis .   a - +0 hand axe
rCold    . . .     Faith    .   (no shield)
rNeg     . . .     Spirit   .   f - +0 leather armour
rPois    .         Reflect  .   (helmet restricted)
rElec    .         Harm     .   (no cloak)
rCorr    .         Rampage  .   i - +0 pair of gloves
Will     .....                  (no boots)
Stlth    ..........             (no amulet)
HPRegen  0.16/turn              (no ring)
MPRegen  0.08/turn              (no ring)

@: berserking, very quick
A: horns 2, retaliatory headbutt
a: Renounce Religion, Berserk, Trog's Hand


You were on level 2 of the Dungeon.
You worshipped Trog.
Trog was pleased with you.
You visited 1 branch of the dungeon, and saw 2 of its levels.

You collected 61 gold pieces.

Inventory:

Hand Weapons
 a - a +0 hand axe (weapon)
Armour
 f - a +0 leather armour (worn)
 i - a +0 pair of gloves (worn)
Jewellery
 k - an amulet of the acrobat
Scrolls
 c - a scroll of magic mapping {unknown}
 e - a scroll of immolation {unknown}
 h - a scroll of brand weapon {unknown}
 j - a scroll of identify {unknown}
Potions
 b - a potion of lignification {unknown}
 d - 2 potions of heal wounds {unknown}
 g - 2 potions of curing {unknown}


   Skills:
 + Level 4.2 Fighting
 + Level 4.2 Axes
 + Level 3.2 Armour
 + Level 2.9 Dodging


You had 2 spell levels left.
You didn't know any spells.
Your spell library was empty.

Dungeon Overview and Level Annotations

Branches:
Dungeon (2/15)

Altars:
Sif Muna


Innate Abilities, Weirdness & Mutations

You have a pair of horns on your head.
You reflexively headbutt those who attack you in melee.


Message History

The gnoll is moderately wounded.
You hit the endoplasm.
The gnoll hits you with a +2 whip of pain.
The endoplasm hits you.
You barely miss the gnoll. You headbutt the gnoll.
The gnoll is severely wounded.
You hit the gnoll. You hit the endoplasm. The endoplasm freezes you.
You are frozen.
The gnoll hits you with a +0 flail!
The gnoll hits you from afar with a +0 halberd!
* * * LOW HITPOINT WARNING * * *
The gnoll hits you with a +2 whip of pain.
* * * LOW HITPOINT WARNING * * *
The endoplasm freezes you.
You are frozen.
* * * LOW HITPOINT WARNING * * *
A red film seems to cover your vision as you go berserk!
You feel yourself moving faster!
You feel mighty! The endoplasm barely misses you.
The gnoll completely misses you.
The gnoll hits you from afar with a +0 halberd.
* * * LOW HITPOINT WARNING * * *
You are too injured to fight recklessly!
You slash the gnoll!
You feel the power of Trog in you as your rage grows.
You kill the gnoll!
Trog accepts your kill.
You hit the endoplasm.
You kill the endoplasm!
Trog accepts your kill.
You slash the gnoll! The gnoll hits you with a +0 flail.
* * * LOW HITPOINT WARNING * * *
The gnoll barely misses you.
You slash the gnoll!
You kill the gnoll!
Trog accepts your kill. The gnoll closely misses you.
You hit the gnoll.
The gnoll is heavily wounded.
The gnoll hits you with a +0 halberd.
You die...

.................
................# .......
....(...........##.......
....(...................<
.....###.......#.........
.....#.........##........
.....#.#..†..............
....##.##.._..#))........
.........)......@g.......
....#.###......#.........
......# ###....#.........
.....## ######..>......
.....# #......... .....#
#......... ..<..#
#...(..... .....#
########## ....##


You could see a gnoll.

Vanquished Creatures
  2 gnolls (D:2)
  A dart slug (D:1)
  2 ball pythons
  An endoplasm (D:2)
  A giant cockroach (D:2)
  4 goblins
  A hobgoblin (D:2)
  6 jackals (D:1)
  A kobold (D:1)
  A quokka (D:2)
  3 bats
  3 frilled lizards (D:2)
  5 rats
31 creatures vanquished.

Notes
Turn   | Place    | Note
-------+----------+-------------------------------------------
     0 | D:1      | ticklebelly the Minotaur Berserker began the quest for the
                  | Orb.
     0 | D:1      | Reached XP level 1. HP: 19/19 MP: 0/0
    98 | D:1      | Found a faded altar of an unknown god.
   232 | D:1      | Reached XP level 2. HP: 17/27 MP: 1/1
  1288 | D:2      | Reached ** piety under Trog
  1289 | D:2      | Reached XP level 3. HP: 30/33 MP: 2/2
  1321 | D:2      | Found a shimmering blue altar of Sif Muna.
  1346 | D:2      | HP: 2/49 [gnoll (6)]
  1350 | D:2      | Slain by a gnoll

Illustrated notes

Levels and vault maps discovered:
D:1:      evilmike_arrival_rings, layout_loops_corners,
          hellmonk_ecumenical_altar_lost_god, grunt_decor_arrowhead,
          minmay_tiny_reverse_x
D:2:      layout_rooms, basic_altar, serial_shops, nicolae_shop_trees,
          grunt_decor_mini_mirrors

Skill      XL: |  1  2 |
---------------+-------+-----
Fighting       | 4 |  4.2
Axes           | 4 |  4.2
Armour         | 3 |  3.2
Dodging        | |  2.9

Action                   || total
-------------------------++-------
Melee: Hand axe          ||    56
       Headbutt          ||     8
Invok: Berserk           ||     1
Armor: Animal skin       ||     2
       Leather armour    ||    14
Dodge: Dodged            ||    35
